AoeStats
← UrgedAsp3757

Arena

508028808Analyzed
1v1 RM · 11d ago on Sep 20, 2026· 41m 44s· 2 players
Game mode
Random Map
Map size
Tiny (2 player)
Population
200
Speed
Normal
Resources
Standard
Victory
Conquest
Starting age
Dark Age
Ending age
Imperial Age
RankedLock teamsTeams togetherTeam positionsShared explorationLock speedFull tech treeHidden civsTurbo modeCheats
Victory
Defeat
🇬🇧 Sicilians · United Kingdom
695
+30
🇨🇴 Burgundians · Colombia
656
-14
UrgedAsp3757
10:54 Feudal Age
9:24 Double-Bit Axe
9:42 Horse Collar
11:41 Heavy Plow
12:51 Wheelbarrow
13:53 Bow Saw
17:38 Gold Mining
20:27 Castle Age
18:34 Scale Mail Armor
20:22 Stone Mining
21:48 Hand Cart
21:19 Town Watch
23:14 Forging
24:46 Bow Saw
25:45 Gold Shaft Mining
26:34 Iron Casting
26:51 Stone Shaft Mining
29:41 Scale Barding Armor
30:04 Pikeman
33:15 Two-Man Saw
32:39 Chain Barding Armor
32:11 Fletching
37:12 Imperial Age
37:03 Crop Rotation
36:33 Bodkin Arrow
36:54 Chain Mail Armor
39:08 Halberdier
40:38 Ballistics
41:38 Murder Holes
7UP
6:51 Loom
9:38 Feudal Age
13:28 Wheelbarrow
13:48 Arson
15:30 Double-Bit Axe
15:28 Horse Collar
22:09 Castle Age
20:36 Gold Mining
20:38 Stone Mining
21:07 Forging
20:52 Man-at-Arms
22:22 Pikeman
23:02 Squires
22:49 Gambesons
22:25 Long Swordsman
26:11 Hand Cart
26:26 Heavy Plow
29:57 First Crusade
33:23 First Crusade
34:36 Murder Holes
37:41 Imperial Age
36:02 Scale Mail Armor
37:14 Ballistics
37:39 Iron Casting
37:19 Chain Mail Armor
37:56 Town Watch
39:05 Crop Rotation
38:46 Bow Saw
38:02 Capped Ram
39:08 Conscription
38:41 Halberdier
39:53 Elite Serjeant
Connection lost

Rejoining the realm…

Still unreachable

The connection could not be restored.

Session expired

The server has moved on; the page needs a fresh start.